 Dungeon Crawl Stone Soup version 0.32-a0-485-g70f7560b1c (webtiles) character file.

Game seed: 10009170744805580608

835 horus123 the Cleaver (level 7, -7/57 HPs)
             Began as a Mountain Dwarf Fighter on Feb 27, 2024.
             Mangled by an ogre
             ... wielding a +0 giant club
              (20 damage)
             ... on level 5 of the Dungeon.
             The game lasted 00:07:38 (4335 turns).

horus123 the Cleaver (Mountain Dwarf Fighter)       Turns: 4335, Time: 00:07:38

Health: -7/57      AC: 14    Str: 20    XL:     7   Next: 66%
Magic:  14/14      EV:  9    Int:  9    God:
Gold:   169        SH:  0    Dex:  9    Spells: 4/15 levels left

rFire   . . .        a - +0 war axe
rCold   . . .        t - +0 buckler {AC+3}
rNeg    . . .        b - +0 scale mail
rPois   .            k - +0 helmet
rElec   .            d - +1 cloak
rCorr   .            (no gloves)
SInv    .            u - +0 pair of boots
Will    .....        (no amulet) Stlth
                     (no ring)
HPRegen 0.29/turn    (no ring)
MPRegen 0.14/turn

%: no passive effects
@: confused
A: runic magic, artefact enchanting
a: no special abilities


You were on level 5 of the Dungeon.
You visited 1 branch of the dungeon, and saw 5 of its levels.

You collected 169 gold pieces.

Inventory:

Hand Weapons
 a - a +0 war axe (weapon)
Armour
 b - a +0 scale mail (worn)
 c - a +0 buckler
 d - a +1 cloak (worn)
 k - a +0 helmet (worn)
 o - a +0 chain mail
 p - a +0 ring mail
 t - a +0 buckler of protection (worn)
 u - a +0 pair of boots (worn)
Wands
 j - a wand of polymorph (4)
Scrolls
 f - a scroll of amnesia {unknown}
 g - a scroll of silence {unknown}
 h - a scroll of poison
 l - 2 scrolls of identify {unknown}
 s - a scroll of blinking {unknown}
 w - a scroll of acquirement {unknown}
Potions
 e - a potion of mutation {unknown}
 i - 2 potions of curing
 m - a potion of lignification {unknown}
 n - a potion of invisibility {unknown}
 q - a potion of cancellation {unknown}
 r - a potion of magic {unknown}
 v - 2 potions of brilliance {unknown}
 x - a potion of attraction {unknown}


   Skills:
 - Level 3.2 Fighting
 - Level 8.0 Axes
 - Level 3.2 Armour
 - Level 3.2 Shields
 + Level 4.7 Spellcasting


You had 4 spell levels left.
You knew the following spells:

 Your Spells              Type           Power      Damage    Failure   Level
a - Inner Flame           Hex/Fire       2%         N/A       77%         3
b - Flame Wave            Conj/Fire      2%         2d4       99%         4
c - Sticky Flame          Fire/Alch      2%         2d4       99%         4

Your spell library contained the following spells:

 Spells                   Type           Power      Damage    Failure   Level
 Call Imp                 Summ           4%         N/A       52%         2
 Ensorcelled Hibernation  Hex/Ice        4%         N/A       52%         2
 Sublimation of Blood     Necr           2%         N/A       52%         2
 Fugue of the Fallen      Necr           2%         N/A       77%         3
 Anguish                  Hex/Necr       1%         N/A       99%         4
 Cause Fear               Hex            1%         N/A       99%         4
 Summon Forest            Summ/Tloc      1%         N/A       100%        5
 Summon Mana Viper        Hex/Summ       2%         N/A       100%        5
 Summon Cactus Giant      Summ           1%         N/A       100%        6
 Enfeeble                 Hex            1%         N/A       100%        7
 Summon Hydra             Summ           1%         N/A       100%        7


Dungeon Overview and Level Annotations

Branches:
Dungeon (5/15)
 Temple: D:4-7

Altars:
Okawaru
Ru
Trog
Zin

Shops:
D:3 (


Innate Abilities, Weirdness & Mutations

Your spellcasting is much less encumbered by armour.
You can use scrolls of enchantment on lesser artefacts.


Message History

This spell is astonishingly dangerous to cast!
You start memorising the spell.
You continue memorising. x4
You finish memorising.
Spell assigned to 'b'.
This spell is astonishingly dangerous to cast!
You start memorising the spell.
You continue memorising. x4
You finish memorising.
Spell assigned to 'c'.
x - a bubbling emerald potion You see here a +0 rapier.
Found a mace.
You see here a +0 trident.
An ogre and an adder come into view.
Found 7 gold pieces.
The ogre shouts!
The adder hisses angrily.
An orc wizard comes into view. It is wielding a +0 dagger.
Found 44 gold pieces.
Found a sacrificial altar of Ru.
The orc wizard shouts!
The adder bites you but does no damage.
You hit the ogre.
The ogre is lightly wounded.
You hit the adder. The adder bites you but does no damage.
The ogre hits you with a +0 giant club! The adder bites you but does no damage.
You slash the adder!
You kill the adder!
You hit the ogre but do no damage.
The ogre hits you with a +0 giant club!!
The orc wizard closely misses you.
You are too injured to fight recklessly!
You are too injured to fight recklessly!
You barely miss the ogre.
The ogre is lightly wounded.
You slash the orc wizard! The ogre hits you with a +0 giant club!
* * * LOW HITPOINT WARNING * * *
The orc wizard hits you but does no damage.
You hit the ogre.
The ogre is moderately wounded.
You barely miss the orc wizard. The orc wizard casts a spell at you.
You are confused.
The ogre hits you with a +0 giant club!!
You die...

##........#......##
##.).......#.....##
#######................#
#................#.....####
#.+#######......##......#.#.#
###..................#
##.##..................
.#$..ß..#...............
..#$..oO@#...............
..#$....##...†....^......
_.#$..ß.#####......##.##. .
##.##.. ##...### .# ## ..#
###.....# ... ... ##......##
#... ....##.....#.##.....
.......####.........
........####.##.....


You could see an ogre and an orc wizard.

Vanquished Creatures
  Sigmund (D:4)
  Blork the orc (D:4)
  A scorpion (D:5)
  3 bombardier beetles
  2 hounds (D:4)
  A jelly (D:4)
  An orc priest (D:4)
  Crazy Yiuf (D:3)
  Ijyb (D:4)
  2 iguanas
  An orc wizard (D:4)
  4 gnolls (D:2)
  8 adders
  A dart slug (D:1)
  9 orcs
  4 bats
  5 endoplasms
  2 giant cockroaches (D:2)
  3 goblins
  12 hobgoblins
  A quokka (D:4)
  14 ball pythons
  4 frilled lizards
  9 kobolds
  8 rats
99 creatures vanquished.

Notes
Turn   | Place    | Note
-------+----------+-------------------------------------------
     0 | D:1      | horus123 the Mountain Dwarf Fighter began the quest for the
                  | Orb.
     0 | D:1      | Reached XP level 1. HP: 19/19 MP: 1/1
    54 | D:1      | Reached skill level 3 in Axes
   195 | D:1      | Reached XP level 2. HP: 23/26 MP: 2/2
   474 | D:1      | Reached skill level 4 in Axes
   639 | D:1      | Reached XP level 3. HP: 28/31 MP: 3/3
  1071 | D:2      | Reached skill level 5 in Axes
  1084 | D:2      | Reached XP level 4. HP: 38/38 MP: 4/4
  1247 | D:2      | Found a bloodstained altar of Trog.
  2062 | D:3      | Found Paemnealu's Weapon Shoppe.
  2070 | D:3      | Reached skill level 6 in Axes
  2377 | D:3      | Found a runed translucent door.
  2378 | D:3      | Noticed Crazy Yiuf
  2423 | D:3      | Killed Crazy Yiuf
  2424 | D:3      | Reached XP level 5. HP: 10/45 MP: 5/5
  2475 | D:3      | Identified the +5 hammer of Descent {venom, rN++ Str-2
                  | Dex+3 Stlth+}
  2590 | D:3      | Learned a level 3 spell: Inner Flame
  2701 | D:3      | Identified the +0 dagger "Kistith" {drain, *Rage Fly Str-5
                  | Dex+8}
  2916 | D:4      | Reached skill level 7 in Axes
  2937 | D:4      | Noticed Sigmund
  2947 | D:4      | Killed Sigmund
  2948 | D:4      | Reached skill level 8 in Axes
  2948 | D:4      | Reached skill level 1 in Spellcasting
  2948 | D:4      | Reached XP level 6. HP: 38/51 MP: 5/7
  3135 | D:4      | Noticed Ijyb
  3143 | D:4      | Killed Ijyb
  3211 | D:4      | Reached XP level 7. HP: 50/57 MP: 9/11
  3283 | D:4      | Noticed Blork the orc
  3298 | D:4      | Killed Blork the orc
  3527 | D:4      | Found an iron altar of Okawaru.
  3607 | D:4      | HP: 1/57 [burnt (5)]
  3887 | D:4      | Found a glowing silver altar of Zin.
  4077 | D:5      | Entered Level 5 of the Dungeon
  4125 | D:5      | HP: 1/57 [burnt (7)]
  4292 | D:5      | Learned a level 4 spell: Flame Wave
  4297 | D:5      | Learned a level 4 spell: Sticky Flame
  4329 | D:5      | Found a sacrificial altar of Ru.
  4335 | D:5      | Mangled by an ogre

Illustrated notes

Levels and vault maps discovered:
D:1:      beargit_arrival_greenhouse, layout_basic
D:2:      layout_basic, basic_altar
D:3:      layout_basic, serial_shops, nicolae_shop_bloodbath_and_beyond,
          uniq_crazy_yiuf_cottage
D:4:      layout_loops_ring, mainiacjoe_overflow_surrounded_room,
          mainiacjoe_overflow_alcove_2, uniq_blork_the_orc, uniq_sigmund,
          uniq_ijyb
D:5:      layout_cave_pools, jmf_multi_god_temple, minmay_temple_entry_glass,
          lexackson_kobold_supper, uniq_pikel

Skill      XL: |  1  2  3  4  5  6  7 |
---------------+----------------------+-----
Axes           | 3 4 5 6 8 |  8.0
Spellcasting   | 1 2 4 |  4.7
Fighting       | |  3.2
Armour         | |  3.2
Shields        | |  3.2

Action                     |  1- 3 |  4- 6 |  7- 9 || total
---------------------------+-------+-------+-------++-------
  Melee: War axe           |   138 |   120 |    67 ||   325
    Use: Scroll            |       |     3 |       ||     3
         Potion            |       |     1 |     4 ||     5
 Armour: Scale mail        |    93 |    25 |    51 ||   169
         Chain mail        |       |    70 |       ||    70
         Skin              |       |     3 |       ||     3
  Dodge: Dodged            |    59 |    66 |    27 ||   152
  Block: Buckler           |    27 |    21 |     9 ||    57

Table legend: (Time is in decaauts)
 A = Elapsed time spent in this place.
 B = Non-inter-level travel time spent in this place.
 C = Inter-level travel time spent in this place.
 D = Time resting spent in this place.
 E = Time spent auto-exploring this place.
 F = Levels seen in this place.
 G = Mean time per level.
                   A        B        C        D        E       F      G
               +--------+--------+--------+--------+--------+-----+--------+
         Total |   4413 |   4154 |    259 |    636 |   2631 |   5 |  882.6 |
       Dungeon |   4413 |   4154 |    259 |    636 |   2631 |   5 |  882.6 |
               +--------+--------+--------+--------+--------+-----+--------+

Top non-repeatable levels by time:
     D:2: 1260 daAuts
     D:4: 1181 daAuts
     D:3: 892 daAuts
     D:1: 818 daAuts
     D:5: 261 daAuts
